 Dungeon Crawl Stone Soup version 0.20-a0-1009-gc986637 (webtiles) character file.

1290 Ordine the Slasher (level 8, -7/85 HPs)
             Began as an Octopode Fighter on Apr 15, 2017.
             Was an Initiate of Dithmenos.
             Mangled by a mummy (11 damage)
             ... in an ossuary.
             The game lasted 00:13:31 (5892 turns).

Ordine the Slasher (Octopode Fighter)               Turns: 5892, Time: 00:13:32

Health: -7/85      AC: 24    Str: 15    XL:     8   Next: 55%
Magic:  8/8        EV:  2    Int: 11    God:    Dithmenos [......]
Gold:   217        SH: 10    Dex: 13    Spells: 7/7 levels left

rFire    . . .     SeeInvis .   a - +1 long sword
rCold    . . .     Gourm    .   b - +0 shield
rNeg     + + +     Faith    .   (helmet currently unavailable)
rPois    +         Spirit   .   (no amulet)
rElec    .         Reflect  .   (no ring)
rCorr    .         Harm     .   (no ring)
MR       .....     NoTele   +   (no ring)
Stlth    +.........             (no ring)
Regen    0.3/turn               (no ring)
MPRegen  0.2/turn               (no ring)
                                (no ring)
                                (no ring)

@: tree-form
A: almost no armour, stealthy swim, (amphibious), 8 rings, (constrict 8)
a: Renounce Religion


You were in an ossuary.
You worshipped Dithmenos.
Dithmenos was noncommittal.
You were hungry.
You were a tree.
You visited 2 branches of the dungeon, and saw 7 of its levels.
You also visited: Ossuary.

You collected 217 gold pieces.

Inventory:

Hand Weapons
 a - a +1 long sword (weapon)
Missiles
 j - 48 poisoned needles
 t - 2 throwing nets (quivered)
Armour
 b - a +0 shield (worn)
Jewellery
 r - an uncursed amulet of guardian spirit {unknown}
 v - a +3 ring of protection {unknown}
 y - the cursed ring of Giyst {rF+ rC- EV-2 Str+3, unknown}
   (You found it on level 4 of the Dungeon)

   [ring of evasion]

   It affects your evasion (-2).
   It affects your strength (+3).
   It protects you from fire.
   It makes you vulnerable to cold.
   It has a curse placed upon it.
 B - an uncursed ring of wizardry {unknown}
Scrolls
 f - 2 scrolls of enchant weapon
 i - 7 scrolls of teleportation
 s - a scroll of amnesia
 z - a scroll of magic mapping
Potions
 c - a potion of might
 e - a potion of haste {unknown}
 g - 5 potions of agility
 n - 3 potions of cancellation {unknown}
 o - 3 potions of berserk rage
 q - 2 potions of mutation {unknown}
 u - 2 potions of curing {unknown}
 w - a potion of flight {unknown}
Books
 h - a book of Minor Magic

   Spells                             Type                      Level
   a - Magic Dart                     Conjuration                  1
   b - Blink                          Translocation                2
   c - Call Imp                       Summoning                    2
   d - Slow                           Hexes                        2
   e - Conjure Flame                  Conjuration/Fire             3
   f - Mephitic Cloud                 Conjuration/Poison/Air       3
 p - a book of Cantrips

   Spells                             Type                      Level
   a - Confusing Touch                Hexes                        1
   b - Animate Skeleton               Necromancy                   1
   c - Summon Small Mammal            Summoning                    1
   d - Apportation                    Translocation                1
 A - a book of Changes

   Spells                             Type                      Level
   a - Beastly Appendage              Transmutation                1
   b - Sticks to Snakes               Transmutation                2
   c - Spider Form                    Transmutation/Poison         3
   d - Ice Form                       Ice/Transmutation            4
   e - Blade Hands                    Transmutation                5
Comestibles
 d - 3 bread rations
 k - 2 meat rations
 m - 4 royal jellies
 x - 5 fruits


   Skills:
 + Level 5.7 Fighting
 * Level 7.4 Long Blades
 - Level 3.0 Dodging
 + Level 5.9 Shields


You had 7 spell levels left.
You didn't know any spells.

Dungeon Overview and Level Annotations

Branches:
Dungeon (6/15)             Temple (1/1) D:5

Altars:
Ashenzari
Cheibriados
Dithmenos
Elyvilon
Fedhas
Gozag
Hepliaklqana
Kikubaaqudgha
Makhleb
Nemelex Xobeh
Qazlal
Ru
Trog
Uskayaw
Vehumet
Wu Jian
Xom
The Shining One

Shops:
D:4 }   D:5 [


Innate Abilities, Weirdness & Mutations

You cannot wear most types of armour.
You are very stealthy in the water. (Stealth+)
((You are amphibious.))
You can wear up to eight rings at the same time.
((You can use your tentacles to constrict eight enemies at once.))
((Your skin changes colour to match your surroundings (Stealth+).))
((Your rubbery body absorbs attacks. (AC +1, EV +1)))


Message History

The centaur zombie is severely damaged.
The centaur zombie hits you.
* * * LOW HITPOINT WARNING * * *
You hit the centaur zombie.
You squeeze the centaur zombie, but do no damage.
The centaur zombie is severely damaged.
You block the centaur zombie's attack. The centaur zombie hits you.
* * * LOW HITPOINT WARNING * * *
You turn into a tree.
Your roots penetrate the ground.
The centaur zombie hits you but does no damage.
You hit the centaur zombie.
The centaur zombie is almost destroyed.
You block the centaur zombie's attack.
You slash the centaur zombie!
You destroy the centaur zombie!
Dithmenos accepts your kill.
You hit the mummy.
The mummy is moderately damaged.
The mummy hits you!
You die...

#≈≈# ≈≈.P #####
#M≈ #..∩# #≈.
#.∩.# #≈# #...#
#≈+ #
#.##'##+##+##≈#≈#
+.M......♣M...'.#
#+#'#+#'#+#'#+###
#. #.# #.# ## ###
###


You could see 2 mummies.

Vanquished Creatures
  Edmund (D:4)
  A water moccasin (D:5)
  A phantom (D:6)
  3 ogres (D:4)
  A black bear (D:6)
  A scorpion (D:5)
  A centaur zombie (Ossuary)
  2 crimson imps
  2 hounds
  An orc priest (D:4)
  3 orc wizards
  3 worker ants
  5 mummies
  3 gnolls (D:3)
  6 adders
  A shadow imp (D:6)
  5 dart slugs
  4 leopard geckos
  11 orcs
  3 ball pythons
  4 bats
  6 giant cockroaches
  7 goblins
  4 hobgoblins
  6 jackals
  2 kobolds
  2 quokkas
  6 frilled lizards
  4 rats
99 creatures vanquished.

Vanquished Creatures (others)
  2 withered plants (Ossuary)
2 creatures vanquished.

Grand Total: 101 creatures vanquished

Notes
Turn   | Place    | Note
-------+----------+-------------------------------------------
     0 | D:1      | Ordine the Octopode Fighter began the quest for the Orb.
     0 | D:1      | Reached XP level 1. HP: 16/16 MP: 1/1
    68 | D:1      | Reached XP level 2. HP: 21/21 MP: 2/2
   396 | D:1      | Reached XP level 3. HP: 15/26 MP: 3/3
   673 | D:1      | Reached skill level 3 in Long Blades
  1148 | D:2      | Found a sacrificial altar of Ru.
  1322 | D:2      | Reached XP level 4. HP: 27/31 MP: 4/4
  2108 | D:3      | Found a snail-covered altar of Cheibriados.
  2163 | D:3      | Found a white marble altar of Elyvilon.
  2328 | D:3      | Reached XP level 5. HP: 32/37 MP: 5/5
  2331 | D:3      | Reached skill level 4 in Long Blades
  2683 | D:4      | Noticed Edmund
  2693 | D:4      | Killed Edmund
  2693 | D:4      | Reached XP level 6. HP: 2/43 MP: 6/6
  3000 | D:4      | Reached skill level 5 in Long Blades
  3094 | D:4      | Reached XP level 7. HP: 49/49 MP: 7/7
  3109 | D:4      | Got a transparent iron ring
  3421 | D:4      | Reached skill level 6 in Long Blades
  3421 | D:4      | Reached skill level 5 in Shields
  3645 | D:4      | Found Mekamn's Gadget Shop.
  3808 | D:5      | Entered Level 5 of the Dungeon
  3828 | D:5      | Reached skill level 5 in Fighting
  4284 | D:5      | Reached XP level 8. HP: 42/55 MP: 8/8
  4557 | D:5      | Found Miket's Antique Armour Boutique.
  4587 | D:5      | Found a staircase to the Ecumenical Temple.
  4603 | Temple   | Entered the Ecumenical Temple
  4792 | Temple   | Became a worshipper of Dithmenos the Shadowed
  4852 | D:5      | Found an ornate altar of the Wu Jian Council.
  5444 | D:6      | Reached skill level 7 in Long Blades
  5636 | D:6      | Found a bloodstained altar of Trog.
  5799 | D:6      | Found a sand-covered staircase.
  5807 | Ossuary  | Entered an ossuary
  5882 | Ossuary  | HP: 1/56 [centaur zombie (5)]
  5892 | Ossuary  | Mangled by a mummy

Vault maps used:
D:1:      dpeg_arrival_arbitrary_b
D:2:      nicolae_ru_path_of_blood
D:3:      kennysheep_slug_shrine, elyvilon_altar_4
D:4:      serial_shops, nicolae_shop_behind_doors, uniq_edmund
D:5:      overflow_temple_1_default, minmay_temple_entry_crystal_x, first_bread,
          serial_shops, shop
D:6:      gup_ossuary_entry_pyramid, grunt_ministairs_9, bloody_trog
Temple:   minmay_temple_curvy_branch
Ossuary:  ossuary_zaba_flooded

Skill      XL: |  1  2  3  4  5  6  7  8 |
---------------+-------------------------+-----
Long Blades    | 3 4 5 6 7 |  7.4
Fighting       | 4 5 |  5.7
Shields        | 4 5 |  5.9
Dodging        | |  3.0

Action                   |  1- 3 |  4- 6 |  7- 9 || total
-------------------------+-------+-------+-------++-------
Melee: Long sword        |    49 |    58 |   117 ||   224
       Constrict         |    15 |    19 |    24 ||    58
       Tentacles         |    13 |    13 |    29 ||    55
  Use: Scroll            |     5 |     4 |     4 ||    13
       Potion            |       |     1 |     1 ||     2
 Stab: Sleeping          |     2 |     6 |     2 ||    10
  Eat: Chunk             |     1 |     6 |     8 ||    15
Armor: Skin              |     2 |     1 |     3 ||     6
Dodge: Dodged            |    29 |    18 |    37 ||    84
Block: Shield            |     8 |    23 |    48 ||    79
       Rpst.: Long sword |     6 |     5 |     7 ||    18
